 Dungeon Crawl Stone Soup version 0.29.1-2-gbd0b4ee654 (webtiles) character file.

Game seed: 917000272465136049

72 GorkyZ the Caller (level 4, 0/25 HPs)
             Began as a Deep Elf Summoner on Nov 24, 2022.
             Slain by an ufetubus (3 damage)
             ... on level 4 of the Dungeon.
             The game lasted 00:11:10 (3459 turns).

GorkyZ the Caller (Deep Elf Summoner)               Turns: 3459, Time: 00:11:10

Health: 0/25       AC:  3    Str:  5    XL:     4   Next: 7%
Magic:  9/12       EV: 13    Int: 22    God:
Gold:   110        SH:  0    Dex: 15    Spells: 7/11 levels left

rFire   . . .      SeeInvis +   s - +0 trident
rCold   . . .      Faith    .   (no shield)
rNeg    . . .      Spirit   .   a - +0 robe
rPois   .          Reflect  .   (no helmet)
rElec   .          Harm     .   (no cloak)
rCorr   .          Rampage  .   k - +0 pair of gloves
Will    .....                   (no boots)
Stlth   ++........              (no amulet)
HPRegen 0.08/turn               o - ring of see invisible
MPRegen 0.13/turn               (no ring)

@: no status effects
A: no striking features
a: no special abilities


You were on level 4 of the Dungeon.
You visited 1 branch of the dungeon, and saw 4 of its levels.

You collected 110 gold pieces.

Inventory:

Hand Weapons
 g - a +0 whip
 h - a +0 dagger
 s - a +0 trident (weapon)
Armour
 a - a +0 robe (worn)
 k - a +0 pair of gloves (worn)
 p - a +0 leather armour of willpower
Jewellery
 o - a ring of see invisible (left hand)
Scrolls
 e - 2 scrolls of amnesia {unknown}
 f - 6 scrolls of identify {unknown}
 l - 2 scrolls of blinking {unknown}
 m - a scroll of noise {unknown}
 n - 2 scrolls of magic mapping {unknown}
 r - 2 scrolls of fear {unknown}
 t - a scroll of immolation {unknown}
 v - a scroll of acquirement {unknown}
Potions
 b - a potion of magic
 c - a potion of mutation {unknown}
 d - 4 potions of curing {unknown}
 i - 3 potions of heal wounds {unknown}
 j - a potion of flight {unknown}
 q - 2 potions of might {unknown}
 u - a potion of brilliance {unknown}


   Skills:
 + Level 1.2 Fighting
 + Level 3.4 Dodging
 - Level 2.4 Stealth
 + Level 4.0 Spellcasting
 + Level 4.9 Summonings


You had 7 spell levels left.
You knew the following spells:

 Your Spells              Type           Power      Damage    Failure   Level
a - Summon Small Mammal   Summ           100%       N/A       1%          1
b - Call Canine Familiar  Summ           26%        N/A       4%          3

Your spell library contained the following spells:

 Spells                   Type           Power      Damage    Failure   Level
 Call Imp                 Summ           26%        N/A       2%          2
 Summon Guardian Golem    Hex/Summ       15%        N/A       12%         3
 Summon Lightning Spire   Summ/Air       15%        N/A       38%         4


Dungeon Overview and Level Annotations

Branches:
Dungeon (4/15)
 Temple: D:4-7

Altars:


Message History

The ufetubus attacks as you move away! The ufetubus misses you.
The ufetubus hits you. The ufetubus misses you.
The ufetubus hits you but does no damage.
Your rat bites the ufetubus but does no damage.
You see here a +0 morningstar.
You are too injured to fight recklessly!
You are too injured to fight recklessly!
Your hound closely misses the ufetubus.
The ufetubus barely misses you. x2
Your hound closely misses the ufetubus.
Your rat misses the ufetubus.
You swap places.
The ufetubus hits you but does no damage. x2
Your hound bites the ufetubus but does no damage.
The ufetubus hits you but does no damage.
The ufetubus misses you.
Your rat barely misses the ufetubus.
The goblin hits you with a +0 dagger.
You swap places.
Your hound barely misses the ufetubus.
The ufetubus barely misses you. The ufetubus closely misses you.
Your rat closely misses the ufetubus.
Your hound misses the ufetubus.
The goblin hits your rat with a +0 dagger.
Your rat dies!
Your rat's corpse disappears in a puff of smoke!
The ufetubus attacks as you move away! The ufetubus hits you.
* * * LOW HITPOINT WARNING * * *
The ufetubus hits you.
* * * LOW HITPOINT WARNING * * *
The ufetubus misses you. The ufetubus barely misses you.
The goblin closely misses your hound.
You closely miss the ufetubus.
The ufetubus is heavily wounded.
Your hound completely misses the ufetubus.
The ufetubus hits you.
* * * LOW HITPOINT WARNING * * *
The ufetubus closely misses you.
Your hound misses the ufetubus.
The goblin hits your hound but does no damage.
You are too injured to fight recklessly!
Unknown command.
Casting: Summon Small Mammal (safe; 1% risk of failure)
Press: ? - help, Q - select action Dir - look around, f - activate The ufetubus hits you.
You die...

#.#....## #.#....#
#.#....##.#
#.#(......# #
#.#.#####.# .#
#.#.# #..# ###.#.#
#.# #...#.# ###..#
#.#...####@..# ##
#.#####.rh5###...##
#.......g......#..[
#######....###...##
####...# ## ###..#
#.# ..# .#


You could see an ufetubus, a goblin (ally target), a friendly hound (summoned)
and a friendly rat (summoned).

Vanquished Creatures
  3 ball pythons
  An endoplasm (D:1)
  4 goblins
  4 hobgoblins
  A kobold (D:2)
  A quokka (D:2)
  A bat (D:2)
  2 frilled lizards
  5 rats
22 creatures vanquished.

Vanquished Creatures (collateral kills)
  An adder (D:2)
  3 worms (D:2)
  A dart slug (D:1)
  A bat (D:1)
  4 endoplasms
  3 giant cockroaches
  2 goblins (D:1)
  2 hobgoblins (D:1)
  A quokka (D:1)
  5 ball pythons (D:1)
  4 kobolds
  3 rats (D:1)
30 creatures vanquished.

Vanquished Creatures (others)
  6 plants (D:2)
6 creatures vanquished.

Grand Total: 58 creatures vanquished

Notes
Turn   | Place    | Note
-------+----------+-------------------------------------------
     0 | D:1      | GorkyZ the Deep Elf Summoner began the quest for the Orb.
     0 | D:1      | Reached XP level 1. HP: 10/10 MP: 6/6
   194 | D:1      | Reached XP level 2. HP: 16/16 MP: 6/8
   902 | D:1      | Reached XP level 3. HP: 19/20 MP: 8/10
  1034 | D:1      | Learned a level 3 spell: Call Canine Familiar
  1505 | D:2      | Reached skill level 1 in Fighting
  2413 | D:2      | Found a faded altar of an unknown god.
  2557 | D:2      | Reached XP level 4. HP: 15/25 MP: 9/12
  3459 | D:4      | Slain by an ufetubus

Illustrated notes

Levels and vault maps discovered:
D:1:      dpeg_arrival_windows_large_door, layout_loops_ring,
          minmay_misc_feat_square
D:2:      layout_basic, serial_forest, infiniplex_forest_clump_cross,
          infiniplex_forest_end_3, infiniplex_forest_straight_2,
          infiniplex_forest_lined_room_2, infiniplex_forest_straight_4,
          infiniplex_forest_end_1, infiniplex_forest_clump_large,
          hellmonk_ecumenical_altar_pennies_from_heaven
D:3:      layout_loops_ring, kennysheep_nondescript, hex_large
D:4:      minmay_general_purpose_star, layout_basic,
          minmay_temple_entry_mini_moons, grunt_decor_resistance, st_stairs_2,
          uniq_eustachio

Skill      XL: |  1  2  3 |
---------------+----------+-----
Dodging        | 3 |  3.4
Fighting       | 1 |  1.2
Spellcasting   | 4 |  4.0
Stealth        | |  2.4
Summonings     | |  4.9

Action                   |  1- 3 |  4- 6 || total
-------------------------+-------+-------++-------
Melee: Unarmed           |     1 |       ||     1
       Whip              |    70 |       ||    70
       Trident           |       |    19 ||    19
 Cast: Summon Small Mamm |    52 |    13 ||    65
       Call Canine Famil |     3 |     1 ||     4
 Stab: Sleeping          |       |     2 ||     2
Armor: Robe              |    13 |    11 ||    24
Dodge: Dodged            |    48 |    40 ||    88
